 Dungeon Crawl Stone Soup version 0.31-a0-115-g4708a659fe (webtiles) character file.

Game seed: 14736851061135447154

226 Chodeload the Sneak (level 5, 0/28 HPs)
             Began as a Deep Elf Wanderer on May 29, 2023.
             Was an Initiate of Ashenzari.
             Slain by an iguana (9 damage)
             ... on level 3 of the Dungeon.
             The game lasted 00:06:06 (2541 turns).

Chodeload the Sneak (Deep Elf Wanderer)             Turns: 2541, Time: 00:06:07

Health: 0/28       AC:  3    Str: 13    XL:     5   Next: 69%
Magic:  7/7        EV: 11    Int: 14    God:    Ashenzari [......]
Gold:   105        SH:  6    Dex: 21    Spells: 4/4 levels left

rFire   . . .        b - +0 sling
rCold   . . .        e - +0 buckler
rNeg    . . .        g - +0 robe
rPois   .            t - +0 helmet of the Distant Affliction {Comp, Melee} (curse)
rElec   .            (no cloak)
rCorr   .            (no gloves)
SInv    .            (no boots)
Will    .....        (no amulet)
Stlth   ++++         h - +6 ring of strength
HPRegen 0.24/turn    (no ring)
MPRegen 0.10/turn

%: no passive effects
@: no status effects
A: no striking features
a: Renounce Religion, Shatter the Chains


You were on level 3 of the Dungeon.
You worshipped Ashenzari.
Ashenzari was noncommittal.
You visited 1 branch of the dungeon, and saw 3 of its levels.

You collected 155 gold pieces.
You spent 50 gold pieces at shops.

Inventory:

Hand Weapons
 a - a +3 antimagic spear
 b - a +0 sling (weapon)
Missiles
 c - 2 datura-tipped darts
 d - 2 atropa-tipped darts
 o - 4 poisoned darts
Armour
 e - a +0 buckler (worn)
 g - a +0 robe (worn)
 t - the cursed +0 helmet of the Distant Affliction (worn) {Comp, Melee}
   (You took it off Robin on level 2 of the Dungeon)

   It has a curse which improves the following skills: Companions: Summonings
   and Necromancy.
   Melee Combat: Short Blades, Long Blades, Axes, Maces & Flails, Polearms,
   Staves and Unarmed Combat.
Jewellery
 h - a +6 ring of strength (left hand)
 u - an amulet of regeneration
Scrolls
 i - 2 scrolls of fog {unknown}
 k - 3 scrolls of identify {unknown}
 l - a scroll of blinking {unknown}
 m - a scroll of enchant armour {unknown}
 p - a scroll of noise {unknown}
 r - a scroll of immolation {unknown}
 s - a scroll of teleportation {unknown}
Potions
 f - a potion of berserk rage
 j - a potion of heal wounds
 n - a potion of might {unknown}
 q - a potion of curing {unknown}
 v - a potion of enlightenment {unknown}


   Skills:
 + Level 0.9 Fighting
 - Level 1.5(1.8) Long Blades
 - Level 4.0 Ranged Weapons
 - Level 1.0 Armour
 - Level 1.2 Dodging
 - Level 6.0 Stealth
 + Level 3.5 Shields
 - Level 1.1 Evocations


You had 4 spell levels left.
You didn't know any spells.
Your spell library contained the following spells:

 Spells                   Type           Power      Damage    Failure   Level
 Chain Lightning          Conj/Air       0%         N/A       100%        9
 Fire Storm               Conj/Fire      0%         5d1       100%        9
 Shatter                  Erth           0%         3d5*      100%        9


Dungeon Overview and Level Annotations

Branches:
Dungeon (3/15)

Altars:
Ashenzari

Shops:
D:2 !

Annotations:
D:1 exclusion: downstairs
D:3 3 runed translucent doors, jejorda2's ghost, amateur MfBe


Message History

Found a falchion.
Found an escape hatch in the ceiling.
You see here a +0 falchion.
You see here a +0 falchion.
Found a chain mail.
An iguana comes into view.
You shoot a sling bullet.
The sling bullet hits the iguana but does no damage.
The iguana hisses angrily.
You shoot a sling bullet.
The sling bullet hits the iguana but does no damage.
You shoot a sling bullet. The sling bullet hits the iguana.
The iguana is lightly wounded.
You shoot a sling bullet.
The sling bullet hits the iguana but does no damage.
The iguana is lightly wounded.
You block the iguana's attack.
You shoot a sling bullet. The sling bullet hits the iguana!
The iguana is heavily wounded.
The iguana barely misses you.
You shoot a sling bullet.
The sling bullet closely misses the iguana.
The iguana bites you!
You shoot a sling bullet.
The sling bullet closely misses the iguana.
The iguana closely misses you.
You shoot a sling bullet. The sling bullet hits the iguana.
The iguana is almost dead.
You block the iguana's attack. The iguana bites you!
You are too injured to fight recklessly!
You are too injured to fight recklessly!
You are too injured to fight recklessly!
You are too injured to fight recklessly!
Fire: b) +0 sling
Press: ? - help, Q - select action, (/) - cycle Shift-Dir - straight line, f/p - iguana
Aim: an iguana (almost dead, 65% to hit)
You shoot a sling bullet. The sling bullet hits the iguana.
The iguana is almost dead.
The iguana bites you!
You die...

.......# ######......###.##.###
#.####.# .)........## ##...#
#.####.####.##.##รท#..#.###.####
#.#...............#..##.#.##
#.#.##.####.##.#.......#.##
#......# ##.#.##..#.#<#
###.##.## #........#...# #.....#
#.##.##......# ####.## #.
#@#######.# ##.## #....l.# #.#
#...# #.....## #.# #...# #.....
#.# #...# #..... #.# #.###
#....[ #######.# #.# ######
#.......# #.# #.####### #.#####
#.#


You could see an iguana.

Vanquished Creatures
  Jessica (D:3)
  Natasha (thrice) (D:2)
  Robin (D:2)
  3 adders (D:3)
  A dart slug (D:2)
  8 ball pythons
  4 endoplasms (D:1)
  5 giant cockroaches
  14 goblins
  8 hobgoblins
  9 jackals
  6 kobolds
  A quokka (D:2)
  8 bats
  3 frilled lizards (D:1)
  8 rats
83 creatures vanquished.

Notes
Turn   | Place    | Note
-------+----------+-------------------------------------------
     0 | D:1      | Chodeload the Deep Elf Wanderer began the quest for the
                  | Orb.
     0 | D:1      | Chodeload set off with the following items: a +0 dagger, 2
                  | atropa-tipped darts, 2 datura-tipped darts, a +0 falchion,
                  | a +0 buckler, a potion of haste, a +0 robe.
     0 | D:1      | Reached XP level 1. HP: 10/10 MP: 3/3
   107 | D:1      | Reached XP level 2. HP: 15/15 MP: 4/4
   327 | D:1      | Reached skill level 1 in Ranged Weapons
   552 | D:1      | Reached XP level 3. HP: 19/19 MP: 5/5
   861 | D:2      | Noticed Robin
   959 | D:2      | Killed Robin
  1151 | D:2      | Reached XP level 4. HP: 22/24 MP: 6/6
  1202 | D:2      | Found a broken altar of Ashenzari.
  1220 | D:2      | Noticed Natasha
  1225 | D:2      | Killed Natasha
  1233 | D:2      | Noticed Natasha
  1257 | D:2      | Killed Natasha
  1275 | D:2      | Became a worshipper of Ashenzari the Shackled
  1390 | D:2      | Noticed Natasha
  1400 | D:2      | Killed Natasha
  1401 | D:2      | Reached XP level 5. HP: 17/28 MP: 2/7
  1403 | D:2      | Found Sulok's Distillery.
  1451 | D:2      | Bought a potion of berserk rage for 50 gold pieces
  2052 | D:3      | Noticed Jessica
  2066 | D:3      | Killed Jessica
  2237 | D:3      | Found a runed translucent gate.
  2237 | D:3      | Found a runed translucent gate.
  2237 | D:3      | Found a runed translucent gate.
  2238 | D:3      | Noticed jejorda2's ghost (amateur MfBe)
  2541 | D:3      | Slain by an iguana

Illustrated notes

Levels and vault maps discovered:
D:1:      dpeg_arrival_erosion, layout_loops_ring
D:2:      layout_rooms, serial_shops, shop, basic_altar, uniq_robin,
          uniq_natasha
D:3:      layout_loops_cross, gammafunk_ghost_necromancy, uniq_jessica

Skill      XL: |  1  2  3  4  5 |
---------------+----------------+-----
Ranged Weapons | 1 2 3 4 |  4.0
Shields        | 2 3 |  3.5
Fighting       | |  0.9
Long Blades    | |  1.5
Armour         | |  1.0
Dodging        | |  1.2
Stealth        | |  6.0
Evocations     | |  1.1

Action                     |  1- 3 |  4- 6 || total
---------------------------+-------+-------++-------
  Melee: Falchion          |     2 |       ||     2
         Spear             |       |    88 ||    88
   Fire: Sling             |   130 |    38 ||   168
  Throw: Dart              |       |     2 ||     2
 Invoke: Curse Item        |       |     1 ||     1
    Use: Potion            |       |     3 ||     3
   Stab: Sleeping          |     1 |    10 ||    11
 Armour: Robe              |     9 |    18 ||    27
  Dodge: Dodged            |    24 |    48 ||    72
  Block: Buckler           |     7 |    29 ||    36

Table legend: (Time is in decaauts)
 A = Elapsed time spent in this place.
 B = Non-inter-level travel time spent in this place.
 C = Inter-level travel time spent in this place.
 D = Time resting spent in this place.
 E = Time spent auto-exploring this place.
 F = Levels seen in this place.
 G = Mean time per level.
                   A        B        C        D        E       F      G
               +--------+--------+--------+--------+--------+-----+--------+
         Total |   2610 |   2472 |    138 |    293 |   1573 |   3 |  870.0 |
       Dungeon |   2610 |   2472 |    138 |    293 |   1573 |   3 |  870.0 |
               +--------+--------+--------+--------+--------+-----+--------+

Top non-repeatable levels by time:
     D:1: 1017 daAuts
     D:3: 883 daAuts
     D:2: 708 daAuts
